 Dungeon Crawl Stone Soup version 0.30.0-30-g96aa6591b8 (webtiles) character file.

Game seed: 17896727679610255816

91 Ayven the Sneak (level 4, -3/29 HPs)
             Began as an Octopode Brigand on June 27, 2023.
             Killed from afar by an orc wizard (8 damage)
             ... with a magic dart
             ... on level 2 of the Dungeon.
             The game lasted 00:07:40 (1384 turns).

Ayven the Sneak (Octopode Brigand)                  Turns: 1384, Time: 00:07:40

Health: -3/29      AC:  1    Str: 10    XL:     4   Next: 57%
Magic:  4/4        EV: 13    Int: 13    God:
Gold:   75         SH:  0    Dex: 15    Spells: 3/3 levels left

rFire   . . .        n - staff of death
rCold   . . .        (no shield)
rNeg    + . .        (helmet restricted)
rPois   .            (no amulet)
rElec   .            (no ring)
rCorr   .            (no ring)
SInv    .            (no ring)
Will    .....        (no ring)
Stlth   ++           (no ring)
HPRegen 0.24/turn    (no ring)
MPRegen 0.09/turn    (no ring)
                     (no ring)

%: no passive effects
@: confused
A: almost no armour, amphibious, 8 rings, camouflage 1, gelatinous body 1,
(nimble swimmer 1), tentacles
a: no special abilities


You were on level 2 of the Dungeon.
You visited 1 branch of the dungeon, and saw 2 of its levels.

You collected 75 gold pieces.

Inventory:

Hand Weapons
 a - a +2 dagger
Missiles
 b - 5 poisoned darts (quivered)
Armour
 j - a +1 cloak of stealth
Magical Staves
 n - a staff of death (weapon)
Wands
 m - a wand of flame (28)
Scrolls
 d - 2 scrolls of identify {unknown}
 g - a scroll of blinking {unknown}
 h - a scroll of torment {unknown}
 k - a scroll of teleportation {unknown}
Potions
 e - a potion of invisibility {unknown}
 f - a potion of heal wounds {unknown}
 i - 4 potions of curing {unknown}
 l - a potion of ambrosia {unknown}


   Skills:
 - Level 2.0 Fighting
 - Level 2.0 Short Blades
 + Level 3.3 Throwing
 + Level 1.2 Dodging
 + Level 7.0 Stealth


You had 3 spell levels left.
You didn't know any spells.
Your spell library was empty.

Dungeon Overview and Level Annotations

Branches:
Dungeon (2/15)

Altars:


Innate Abilities, Weirdness & Mutations

You cannot wear most types of armour.
You are amphibious.
You can wear up to eight rings at the same time.
Your skin changes colour to match your surroundings (Stealth+).
Your rubbery body absorbs attacks. (AC +1, EV +1)
((You are camouflaged when in or above water. (Stealth+)))
You have tentacles for arms and can constrict up to eight enemies at once.


Message History

You constrict the orc, but do no damage.
The orc hits you with a +0 flail!
You hit the orc.
You kill the orc!
You barely miss something. Your squeeze misses something. Something hits you.
Throw: 7 darts (poison)
Press: ? - help, Q - select action, (/) - cycle Shift-Dir - straight line, f - orc
Aim: an orc, wielding a +0 hand axe and wearing a +0 leather armour (60% to hit)
You throw a poisoned dart. The poisoned dart hits the orc.
Something hits you but does no damage.
Throw: 6 darts (poison)
Press: ? - help, Q - select action, (/) - cycle Shift-Dir - straight line, f/p - orc
Aim: an orc, wielding a +0 hand axe and wearing a +0 leather armour (60% to hit)
You throw a poisoned dart.
You hear some strange, mumbled words.
A magic dart appears from out of thin air!
The magic dart hits you!
You miss something. Something completely misses you.
You hit something. Your squeeze misses something. Something hits you.
* * * LOW HITPOINT WARNING * * *
You hit the orc but do no damage. You grab the orc. You constrict the orc.
The orc hits you but does no damage.
You hit the orc.
The orc is severely wounded.
You constrict the orc. The orc misses you.
You hit the orc but do no damage.
The orc is almost dead.
You constrict the orc.
You kill the orc!
Your Stealth skill increases to level 7!
You barely miss something. Your squeeze misses something.
You hear some strange, mumbled words.
You are confused.
You bump into the rock wall.
Something hits you.
* * * LOW HITPOINT WARNING * * *
You barely miss something. Your squeeze misses something.
You hear some strange, mumbled words.
A magic dart appears from out of thin air!
The magic dart hits you!
You die...

######..#.##...#########...~≈≈P~.
..............# #..~~≈≈≈..
#######...##### ### #..~~≈≈~..
#.#.#... ... #..~≈~≈≈~. #.#.#.#
#.# #..~~P≈≈.. #.....# #.#
#...~~≈≈~. ####'##### #.#
#...~~≈≈~.
#.......###.#####..~.≈≈≈#.
#........@{(....#..P#≈≈≈#.
#........##.....#...#≈≈≈#[
#........#####..#...##≈≈#.
#.....#### ##.#.. #≈≈#. #.....#
.). #≈≈## #.....# .... #≈# #
####### .#### .. ##


There were no monsters in sight!

Vanquished Creatures
  An orc wizard (D:2)
  A gnoll (D:1)
  An adder (D:2)
  3 worms (D:2)
  2 orcs (D:2)
  7 bats
  A giant cockroach (D:1)
  3 hobgoblins
  3 jackals (D:1)
  2 quokkas
  2 ball pythons
  3 goblins
  5 kobolds (D:1)
  5 rats
39 creatures vanquished.

Notes
Turn   | Place    | Note
-------+----------+-------------------------------------------
     0 | D:1      | Ayven the Octopode Brigand began the quest for the Orb.
     0 | D:1      | Reached XP level 1. HP: 14/14 MP: 1/1
    43 | D:1      | Reached XP level 2. HP: 13/19 MP: 2/2
   219 | D:1      | Reached skill level 6 in Stealth
   343 | D:1      | Reached XP level 3. HP: 24/24 MP: 3/3
  1277 | D:2      | Reached XP level 4. HP: 29/29 MP: 4/4
  1382 | D:2      | Reached skill level 7 in Stealth
  1384 | D:2      | Killed from afar by an orc wizard

Illustrated notes

Levels and vault maps discovered:
D:1:      amcnicky_arrival_blooded_trapdoor, layout_loops_ring
D:2:      layout_basic, minmay_hedge_maze, chequers_big_river,
          minmay_misc_feat_ornament, nicolae_wormholes, uniq_sigmund,
          uniq_crazy_yiuf_cottage

Skill      XL: |  1  2  3  4 |
---------------+-------------+-----
Stealth        | 6 7 |  7.0
Throwing       | 3 |  3.3
Fighting       | |  2.0
Short Blades   | |  2.0
Dodging        | |  1.2

Action                     |  1- 3 |  4- 6 || total
---------------------------+-------+-------++-------
  Melee: Dagger            |    43 |       ||    43
         Constrict         |    12 |     4 ||    16
         Tentacles         |    11 |     3 ||    14
         Staff             |     3 |    17 ||    20
         Punch             |       |     1 ||     1
  Throw: Dart              |    52 |     5 ||    57
   Stab: Sleeping          |     5 |       ||     5
 Armour: Skin              |     8 |     2 ||    10
  Dodge: Dodged            |    23 |     6 ||    29
